Map: Ice and Chrome LE

Players

TylerG - Winner!

  • Race: Zerg Zerg
  • League: Diamond
  • Spawn Location: 7:00

fireegg

  • Race: Protoss Protoss
  • League: Diamond
  • Spawn Location: 1:00

VOD

Have the link to the VOD?

Description

Time

  • Played on: July 10, 2020, 9:07 p.m.
  • Length: 6:23
Show
View Real Time Build Order
Export as new Build Order

TylerG Zerg - Winner!

Build Orders: Pool First 

Get SALT Encoding   

  12  0:01  Drone  
  13  0:15  Overlord  
  13  0:20  Drone  
  14  0:33  Drone x2  
  16  0:37  Drone  
  17  0:48  Spawning Pool  
  17  0:49  Drone  
  17  1:11  Hatchery  
  16  1:13  Drone  
  16  1:15  Drone  
  18  1:27  Extractor  
  18  1:30  Drone  
  18  1:35  Zergling x2  
  18  1:36  Queen  
  21  1:42  Overlord  
  21  1:52  Extractor  
  21  1:57  Drone  
  21  2:00  Spine Crawler  
  21  2:08  Drone  
  22  2:09  Spine Crawler  
  22  2:11  Queen  
  23  2:18  Drone  
  23  2:19  Roach Warren  
  23  2:29  Drone  
  24  2:35  Drone  
  25  2:43  Drone  
  26  2:47  Drone x2, Queen  
  30  2:56  Overlord  
  30  3:01  Overlord  
  30  3:12  Evolution Chamber  
  29  3:15  Roach  
  29  3:19  Roach  
  33  3:22  Roach  
  35  3:28  Roach  
  35  3:32  Roach  
  39  3:36  Roach  
  41  3:43  Overlord  
  41  3:49  Ravager  
  41  3:50  Ravager x3  
  45  3:56  Overlord  
  45  4:04  Zerg Missile Weapons Level 1  
  45  4:08  Roach  
  46  4:28  Roach x4  
  54  4:36  Roach  
  56  4:40  Roach  
  56  4:42  Roach  
  60  4:52  Roach  
  62  4:56  Overlord  
  60  5:25  Roach x5  
  70  5:35  Roach  
  69  5:59  Roach x2  
  69  6:02  Overlord x2  
Show
View Real Time Build Order
Export as new Build Order

fireegg Protoss 

Build Orders:  

Get SALT Encoding   

  1  0:00  Probe  
  12  0:04  Probe  
  14  0:19  Pylon  
  14  0:22  Probe  
  15  0:37  Probe  
  15  0:38  Forge  
  16  0:49  Pylon  
  17  0:50  Probe  
  17  1:13  Photon Cannon  
  17  1:19  Pylon  
  17  1:37  Probe  
  17  1:38  Photon Cannon  
  17  1:40  Pylon  
  17  1:45  Probe  
  19  1:55  Probe  
  20  2:07  Probe  
  21  2:19  Assimilator  
  21  2:22  Assimilator  
  21  2:23  Gateway  
  21  2:24  Probe  
  22  2:43  Probe  
  22  3:11  Nexus  
  22  3:13  Probe, Pylon  
  23  3:34  Probe, Photon Cannon  
  24  3:54  Photon Cannon  
  24  3:58  Gateway  
  24  4:04  Cybernetics Core  
  24  4:12  Probe  
  25  4:19  Probe  
  25  4:24  Probe  
  27  4:27  Probe  
  27  4:37  Probe  
  28  4:39  Probe  
  28  4:44  Stalker  
  32  4:54  Shield Battery  
  32  5:00  Photon Cannon x2  
  32  5:06  Stalker  
  32  5:08  Stalker  
  26  5:35  Stalker  
  26  5:38  Stalker  
  26  5:42  Stargate  
Tags
 
Add a new tag
Caveats
  • Supply blocks, unpowered buildings, or Contaminate may cause inaccurate times.
  • Supply counts are checked every 10 seconds.